[ AOE2 MATCH · #505016841 ]
UnrankedFranks vs Khmer
Player's team · WIN
Rival team · LOSS
[ REPLAY ANALYSIS · EXTRACTED FROM THE RECORDED GAME ]
Feudal
8:27
Castle
22:05
Imperial
—
| APM avg | 49.5 |
| APM peak | 74 |
| eAPM avg | 28.6 |
| Villagers / military | 96 / 24 |
Focus
⚔️ 45.9% · 🌾 54.1%
Scout Cavalry ×10 · Knight ×5 · Throwing Axeman ×5 · Monk ×2 · Spearman ×2
Feudal
8:51
Castle
20:46
Imperial
—
| APM avg | 63.5 |
| APM peak | 106 |
| eAPM avg | 28.9 |
| Villagers / military | 95 / 20 |
Focus
⚔️ 35.9% · 🌾 64.1%
Knight ×11 · Scout Cavalry ×4 · Archer ×3 · Monk ×2
Match map
Initial resources + every placement click. Lines = walls · curves = elevation contours. ◆ gold · ⬟ stone · ● berries · ✦ relic · ◌ wall gap
Your base· Open — unwalled flank
squashy5000's base· Open — 5t gap
Smoothed initial terrain · ◌ = detected wall gap · hover for details
Inputs per minute
— s56460688 - - squashy5000
Build order — s56460688
First 150 of 232 actions detected
| 0:01 | Create | Villager (Male) |
| 0:01 | Build | House |
| 0:02 | Build | House |
| 0:07 | Create | Villager (Male) |
| 0:11 | Create | Villager (Male) |
| 0:18 | Create | Villager (Male) |
| 1:24 | Create | Villager (Male) |
| 1:25 | Create | Villager (Male) |
| 1:48 | Build | Lumber Camp |
| 1:58 | Create | Villager (Male) |
| 1:59 | Create | Villager (Male) |
| 2:16 | Create | Villager (Male) |
| 2:17 | Create | Villager (Male) |
| 2:45 | Create | Villager (Male) |
| 2:45 | Create | Villager (Male) |
| 3:09 | Create | Villager (Male) |
| 3:09 | Create | Villager (Male) |
| 3:34 | Create | Villager (Male) |
| 3:34 | Create | Villager (Male) |
| 3:35 | Create | Villager (Male) |
| 3:50 | Build | House |
| 4:23 | Create | Villager (Male) |
| 4:47 | Create | Villager (Male) |
| 4:50 | Build | Mill |
| 5:22 | Create | Villager (Male) |
| 5:40 | Research | Loom |
| 6:17 | Research | Feudal Age |
| 7:08 | Build | Barracks |
| 7:16 | Build | Barracks |
| 7:33 | Create | Villager (Male) |
| 8:00 | Build | House |
| 8:27 | Age | Feudal Age |
| 8:29 | Build | Stable |
| 8:42 | Create | Villager (Male) |
| 8:51 | Research | Double-Bit Axe |
| 8:56 | Create | Spearman |
| 9:03 | Build | House |
| 9:09 | Create | Villager (Male) |
| 9:16 | Create | Scout Cavalry |
| 9:21 | Build | House |
| 9:34 | Create | Scout Cavalry |
| 9:37 | Create | Villager (Male) |
| 9:39 | Build | Farm |
| 9:56 | Create | Villager (Male) |
| 10:10 | Build | Farm |
| 10:12 | Build | Farm |
| 10:14 | Create | Scout Cavalry |
| 10:23 | Create | Villager (Male) |
| 10:26 | Build | House |
| 10:35 | Build | Farm |
| 10:41 | Create | Scout Cavalry |
| 10:56 | Create | Villager (Male) |
| 10:58 | Build | Farm |
| 11:04 | Build | Farm |
| 11:10 | Build | House |
| 11:13 | Create | Villager (Male) |
| 11:27 | Build | Farm |
| 11:29 | Build | Farm |
| 11:41 | Create | Spearman |
| 11:45 | Create | Villager (Male) |
| 12:00 | Create | Scout Cavalry |
| 12:10 | Build | Farm |
| 12:21 | Create | Villager (Male) |
| 12:21 | Create | Villager (Male) |
| 12:25 | Build | Farm |
| 12:27 | Build | Farm |
| 12:37 | Build | Farm |
| 12:44 | Create | Villager (Male) |
| 12:56 | Build | House |
| 13:07 | Build | Blacksmith |
| 13:08 | Create | Villager (Male) |
| 13:13 | Create | Scout Cavalry |
| 13:24 | Create | Villager (Male) |
| 13:39 | Create | Villager (Male) |
| 13:49 | Build | Mining Camp |
| 13:54 | Build | House |
| 14:00 | Create | Scout Cavalry |
| 14:21 | Create | Villager (Male) |
| 14:32 | Build | Farm |
| 14:46 | Create | Villager (Male) |
| 14:48 | Create | Scout Cavalry |
| 15:04 | Research | Forging |
| 15:04 | Research | Forging |
| 15:11 | Build | Watch Tower |
| 15:15 | Create | Villager (Male) |
| 15:20 | Build | Mining Camp |
| 15:34 | Create | Scout Cavalry |
| 15:39 | Create | Villager (Male) |
| 15:56 | Create | Villager (Male) |
| 16:21 | Create | Villager (Male) |
| 16:36 | Build | Lumber Camp |
| 16:42 | Build | House |
| 16:47 | Create | Villager (Male) |
| 17:13 | Research | Wheelbarrow |
| 17:22 | Build | Watch Tower |
| 17:34 | Create | Villager (Male) |
| 17:46 | Research | Scale Barding Armor |
| 18:06 | Build | Farm |
| 18:07 | Build | Farm |
| 18:14 | Build | Market |
| 18:49 | Build | Watch Tower |
| 18:54 | Create | Villager (Male) |
| 19:03 | Build | Farm |
| 19:07 | Build | Farm |
| 19:25 | Research | Castle Age |
| 19:25 | Research | Castle Age |
| 19:25 | Research | Castle Age |
| 20:02 | Build | Stone Wall |
| 20:02 | Build | Stone Wall |
| 20:03 | Build | Stone Wall |
| 20:03 | Build | Stone Wall |
| 20:04 | Build | Stone Wall |
| 20:14 | Research | Scale Barding Armor |
| 20:14 | Research | Scale Barding Armor |
| 20:17 | Build | Lumber Camp |
| 20:20 | Research | Stone Mining |
| 20:41 | Build | House |
| 21:06 | Build | Stone Wall |
| 21:20 | Research | Fletching |
| 21:21 | Create | Villager (Male) |
| 21:31 | Build | Stone Wall |
| 21:32 | Build | Stone Wall |
| 21:33 | Build | Stone Wall |
| 21:34 | Build | Stone Wall |
| 21:34 | Build | Stone Wall |
| 21:35 | Build | Stone Wall |
| 21:36 | Build | Stone Wall |
| 21:36 | Build | Stone Wall |
| 21:37 | Build | Stone Wall |
| 22:05 | Age | Castle Age |
| 22:06 | Research | Light Cavalry (upgrade) |
| 22:08 | Research | Iron Casting |
| 22:09 | Create | Villager (Male) |
| 22:26 | Build | Palisade Wall |
| 22:30 | Build | Palisade Wall |
| 22:42 | Create | Villager (Male) |
| 22:46 | Build | Town Center |
| 23:03 | Create | Villager (Male) |
| 23:10 | Create | Villager (Male) |
| 23:19 | Create | Villager (Male) |
| 23:30 | Build | House |
| 23:33 | Create | Villager (Male) |
| 23:40 | Create | Knight |
| 23:59 | Create | Villager (Male) |
| 24:05 | Build | Monastery |
| 24:12 | Create | Villager (Male) |
| 24:16 | Build | Farm |
| 24:17 | Build | Farm |
| 24:34 | Create | Villager (Male) |
| 24:35 | Create | Villager (Male) |
Build order — squashy5000
First 150 of 231 actions detected
| 0:00 | Create | Villager (Male) |
| 0:02 | Build | House |
| 0:02 | Build | House |
| 0:03 | Create | Villager (Male) |
| 0:04 | Create | Villager (Male) |
| 0:24 | Create | Villager (Male) |
| 0:24 | Create | Villager (Male) |
| 1:23 | Create | Villager (Male) |
| 1:58 | Build | Lumber Camp |
| 2:00 | Create | Villager (Male) |
| 2:17 | Create | Villager (Male) |
| 2:44 | Create | Villager (Male) |
| 3:18 | Create | Villager (Male) |
| 3:34 | Create | Villager (Male) |
| 3:34 | Create | Villager (Male) |
| 3:55 | Build | House |
| 4:01 | Build | House |
| 4:09 | Create | Villager (Male) |
| 4:10 | Create | Villager (Male) |
| 4:29 | Build | Mill |
| 4:33 | Create | Villager (Male) |
| 4:59 | Create | Villager (Male) |
| 5:02 | Create | Villager (Male) |
| 5:27 | Create | Villager (Male) |
| 5:32 | Research | Loom |
| 6:38 | Research | Feudal Age |
| 7:10 | Build | Lumber Camp |
| 7:37 | Build | House |
| 8:09 | Create | Villager (Male) |
| 8:51 | Age | Feudal Age |
| 8:55 | Build | Stable |
| 9:02 | Create | Villager (Male) |
| 9:03 | Research | Double-Bit Axe |
| 9:06 | Build | House |
| 9:12 | Build | Palisade Wall |
| 9:22 | Build | House |
| 9:24 | Build | Palisade Wall |
| 9:30 | Create | Villager (Male) |
| 9:40 | Build | House |
| 9:41 | Create | Scout Cavalry |
| 9:43 | Create | Villager (Male) |
| 9:48 | Build | Palisade Wall |
| 9:51 | Build | House |
| 9:52 | Build | Palisade Wall |
| 9:53 | Create | Villager (Male) |
| 9:54 | Create | Villager (Male) |
| 10:18 | Create | Scout Cavalry |
| 10:23 | Build | Palisade Wall |
| 10:24 | Build | Palisade Wall |
| 10:25 | Build | Palisade Gate |
| 10:35 | Create | Villager (Male) |
| 10:51 | Research | Horse Collar |
| 10:54 | Build | Farm |
| 10:55 | Build | Farm |
| 10:57 | Build | Farm |
| 10:59 | Build | Palisade Wall |
| 11:07 | Create | Villager (Male) |
| 11:12 | Build | Palisade Wall |
| 11:12 | Create | Villager (Male) |
| 11:14 | Build | Palisade Wall |
| 11:17 | Build | Palisade Wall |
| 11:19 | Build | House |
| 11:31 | Build | Farm |
| 11:37 | Create | Scout Cavalry |
| 11:39 | Build | Farm |
| 11:50 | Build | Farm |
| 12:00 | Build | Farm |
| 12:13 | Create | Villager (Male) |
| 12:28 | Build | Farm |
| 12:31 | Create | Villager (Male) |
| 12:45 | Build | Mining Camp |
| 12:47 | Build | Mining Camp |
| 12:51 | Create | Villager (Male) |
| 13:03 | Build | Farm |
| 13:08 | Create | Villager (Male) |
| 13:18 | Create | Villager (Male) |
| 13:31 | Create | Villager (Male) |
| 13:41 | Create | Scout Cavalry |
| 13:54 | Build | Archery Range |
| 13:55 | Create | Villager (Male) |
| 14:01 | Build | Farm |
| 14:03 | Create | Villager (Male) |
| 14:08 | Create | Villager (Male) |
| 14:53 | Create | Archer |
| 14:57 | Create | Villager (Male) |
| 15:14 | Build | Farm |
| 15:21 | Create | Villager (Male) |
| 15:23 | Build | Farm |
| 15:30 | Build | Farm |
| 15:35 | Build | Watch Tower |
| 15:46 | Build | House |
| 15:47 | Build | House |
| 15:53 | Create | Villager (Male) |
| 16:01 | Build | House |
| 16:29 | Build | Palisade Wall |
| 16:31 | Build | Palisade Wall |
| 16:33 | Build | Palisade Wall |
| 16:34 | Build | Palisade Wall |
| 16:41 | Build | House |
| 16:42 | Build | House |
| 16:43 | Build | House |
| 16:44 | Create | Villager (Male) |
| 16:46 | Build | House |
| 16:55 | Build | Palisade Wall |
| 16:55 | Create | Villager (Male) |
| 16:59 | Build | House |
| 17:00 | Build | House |
| 17:05 | Build | Palisade Wall |
| 17:12 | Build | Palisade Wall |
| 17:13 | Create | Villager (Male) |
| 17:23 | Build | Palisade Wall |
| 18:06 | Research | Castle Age |
| 18:38 | Build | Palisade Wall |
| 18:48 | Build | Mining Camp |
| 18:57 | Create | Villager (Male) |
| 19:13 | Create | Archer |
| 19:14 | Create | Archer |
| 19:29 | Build | House |
| 19:30 | Build | Palisade Wall |
| 19:32 | Build | House |
| 19:33 | Build | Palisade Wall |
| 19:37 | Build | Palisade Wall |
| 19:38 | Build | Palisade Wall |
| 19:50 | Create | Villager (Male) |
| 20:08 | Build | Watch Tower |
| 20:27 | Build | Watch Tower |
| 20:46 | Age | Castle Age |
| 20:48 | Create | Knight |
| 20:54 | Build | Market |
| 20:59 | Research | Bloodlines |
| 21:07 | Create | Villager (Male) |
| 21:36 | Build | Stable |
| 21:40 | Build | Blacksmith |
| 21:44 | Build | Blacksmith |
| 21:48 | Create | Knight |
| 21:53 | Create | Villager (Male) |
| 22:06 | Create | Villager (Male) |
| 22:20 | Create | Villager (Male) |
| 22:31 | Create | Knight |
| 22:31 | Create | Knight |
| 22:33 | Build | Monastery |
| 22:42 | Create | Villager (Male) |
| 22:47 | Create | Villager (Male) |
| 22:54 | Create | Villager (Male) |
| 23:03 | Create | Villager (Male) |
| 23:08 | Create | Knight |
| 23:13 | Create | Villager (Male) |
| 23:21 | Create | Monk |
| 23:22 | Create | Villager (Male) |
| 23:32 | Create | Knight |
Match timeline
| 7:08 | s56460688 · first_building Barracks |
| 8:27 | s56460688 · age_up feudal |
| 8:29 | s56460688 · first_building Stable |
| 8:51 | squashy5000 · age_up feudal |
| 8:55 | squashy5000 · first_building Stable |
| 9:12 | squashy5000 · wall_segment Palisade Wall x3 |
| 9:24 | squashy5000 · wall_segment Palisade Wall x5 |
| 9:48 | squashy5000 · wall_segment Palisade Wall x4 |
| 9:52 | squashy5000 · wall_segment Palisade Wall x6 |
| 10:23 | squashy5000 · wall_segment Palisade Wall x1 |
| 10:24 | squashy5000 · wall_segment Palisade Wall x1 |
| 10:59 | squashy5000 · wall_segment Palisade Wall x1 |
| 11:12 | squashy5000 · wall_segment Palisade Wall x1 |
| 11:14 | squashy5000 · wall_segment Palisade Wall x1 |
| 11:17 | squashy5000 · wall_segment Palisade Wall x1 |
| 13:54 | squashy5000 · first_building Archery Range |
| 16:29 | squashy5000 · wall_segment Palisade Wall x2 |
| 16:31 | squashy5000 · wall_segment Palisade Wall x3 |
| 16:33 | squashy5000 · wall_segment Palisade Wall x1 |
| 16:34 | squashy5000 · wall_segment Palisade Wall x1 |
| 16:55 | squashy5000 · wall_segment Palisade Wall x1 |
| 17:05 | squashy5000 · wall_segment Palisade Wall x3 |
| 17:12 | squashy5000 · wall_segment Palisade Wall x1 |
| 17:23 | squashy5000 · wall_segment Palisade Wall x4 |
| 18:38 | squashy5000 · wall_segment Palisade Wall x3 |
| 19:30 | squashy5000 · wall_segment Palisade Wall x1 |
| 19:33 | squashy5000 · wall_segment Palisade Wall x1 |
| 19:37 | squashy5000 · wall_segment Palisade Wall x1 |
| 19:38 | squashy5000 · wall_segment Palisade Wall x1 |
| 20:02 | s56460688 · wall_segment Stone Wall x1 |
| 20:02 | s56460688 · wall_segment Stone Wall x1 |
| 20:03 | s56460688 · wall_segment Stone Wall x1 |
| 20:03 | s56460688 · wall_segment Stone Wall x1 |
| 20:04 | s56460688 · wall_segment Stone Wall x1 |
| 20:46 | squashy5000 · age_up castle |
| 21:06 | s56460688 · wall_segment Stone Wall x1 |
| 21:31 | s56460688 · wall_segment Stone Wall x1 |
| 21:32 | s56460688 · wall_segment Stone Wall x1 |
| 21:33 | s56460688 · wall_segment Stone Wall x1 |
| 21:34 | squashy5000 · first_market_buy 100 stone |
| 21:34 | s56460688 · wall_segment Stone Wall x1 |
| 21:34 | s56460688 · wall_segment Stone Wall x1 |
| 21:35 | s56460688 · wall_segment Stone Wall x1 |
| 21:36 | s56460688 · wall_segment Stone Wall x1 |
| 21:36 | s56460688 · wall_segment Stone Wall x1 |
| 21:37 | s56460688 · wall_segment Stone Wall x1 |
| 22:05 | s56460688 · age_up castle |
| 22:26 | s56460688 · wall_segment Palisade Wall x1 |
| 22:30 | s56460688 · wall_segment Palisade Wall x1 |
| 22:33 | squashy5000 · first_building Monastery |
| 23:12 | s56460688 · first_market_buy 100 wood |
| 24:05 | s56460688 · first_building Monastery |
| 24:51 | s56460688 · wall_segment Palisade Wall x1 |
| 26:33 | squashy5000 · wall_segment Palisade Wall x1 |
| 27:19 | squashy5000 · first_building Castle |
| 27:40 | squashy5000 · wall_segment Palisade Wall x1 |
| 27:41 | squashy5000 · wall_segment Palisade Wall x1 |
| 27:42 | s56460688 · first_market_sell 100 food |
| 28:58 | s56460688 · first_building Castle |
| 31:27 | squashy5000 · resign |
[ AI ANALYSIS · 1 CREDIT ]
What really happened in this match?
Wolo.gg analyzes every decision: build order, eco, micro, common mistakes by bracket. Personalized analysis on WhatsApp or Discord in 30 seconds.
Civ guide
Franks
Perfil
Jugador #442647